 Dungeon Crawl Stone Soup version 0.31-a0-188-g5e087ee2ca (webtiles) character file.

Game seed: 4143245549629179505

3258 benadryl the Destroyer (level 9, -5/52 HPs)
             Began as a Deep Elf Earth Elementalist on June 23, 2023.
             Slain by a hornet (12 damage)
             ... on level 7 of the Dungeon.
             The game lasted 00:13:09 (6887 turns).

benadryl the Destroyer (DEEE)                       Turns: 6887, Time: 00:13:10

Health: -5/52      AC:  7    Str:  5    XL:     9   Next: 68%
Magic:  16/20      EV: 12    Int: 25    God:
Gold:   237        SH:  0    Dex: 15    Spells: 14/20 levels left

rFire   + . .        i - +3 whip (drain)
rCold   + . .        (no shield)
rNeg    . . .        C - +2 robe {rF+}
rPois   .            (no helmet)
rElec   .            (no cloak)
rCorr   .            c - +0 pair of gloves
SInv    .            j - +1 pair of boots
Will    .....        (no amulet)
Stlth   ++           h - ring of wizardry
HPRegen 0.28/turn    u - ring of protection from cold
MPRegen 0.17/turn

%: wizardry (x1)
@: lethally poisoned (-5 -> -13), slowed, very slow
A: no striking features
a: no special abilities


You were on level 7 of the Dungeon.
You visited 2 branches of the dungeon, and saw 10 of its levels.
You also visited: Ossuary.

You collected 318 gold pieces.
You spent 81 gold pieces at shops.

Inventory:

Hand Weapons
 g - a +0 dagger
 i - a +3 whip of draining (weapon)
Missiles
 f - 2 throwing nets
 y - a curare-tipped dart
Armour
 c - a +0 pair of gloves (worn)
 j - a +1 pair of boots (worn)
 x - an orb of light
 C - a +2 robe of fire resistance (worn)
Jewellery
 a - a ring of positive energy
 h - a ring of wizardry (left hand)
 o - a ring of ice
 s - a ring of poison resistance
 u - a ring of protection from cold (right hand)
Wands
 B - a wand of polymorph (8)
 G - a wand of flame (2)
Scrolls
 p - 2 scrolls of amnesia
 r - a scroll of poison
 w - a scroll of enchant armour
 D - 2 scrolls of blinking {unknown}
 E - a scroll of identify {@r1}
 F - a scroll of revelation {unknown}
Potions
 b - a potion of magic
 d - 2 potions of degeneration
 e - 2 potions of brilliance
 k - a potion of berserk rage {unknown}
 l - 2 potions of attraction
 m - 2 potions of cancellation
 q - a potion of ambrosia {unknown}
 t - a potion of enlightenment {unknown}
 v - a potion of haste {unknown}
 z - a potion of might {unknown}
 A - a potion of mutation {unknown}


   Skills:
 - Level 4.0 Fighting
 - Level 2.4 Dodging
 - Level 2.4 Stealth
 - Level 6.0 Spellcasting
 - Level 9.2 Conjurations
 * Level 3.1 Summonings
 - Level 1.1 Transmutations
 + Level 1.9 Air Magic
 - Level 9.1 Earth Magic


You had 14 spell levels left.
You knew the following spells:

 Your Spells              Type           Power      Damage    Failure   Level
a - Sandblast             Erth           100%       2d20      1%          1
b - Passwall              Tmut/Erth      27%        N/A       1%          2
c - Stone Arrow           Conj/Erth      100%       3d13      1%          3

Your spell library contained the following spells:

 Spells                   Type           Power      Damage    Failure   Level
 Kiss of Death            Conj/Necr      100%       2d13      1%          1
 Static Discharge         Conj/Air       70%        2-5/arc   1%          2
 Petrify                  Tmut/Erth      33%        N/A       3%          4
 Confusing Touch          Hex            7%         N/A       9%          3
 Summon Lightning Spire   Summ/Air       20%        N/A       11%         4
 Airstrike                Air            8%         2d(2-18)  13%         4
 Dispel Undead            Necr           7%         3d8       28%         4


Dungeon Overview and Level Annotations

Branches:
Dungeon (9/15)             Temple (1/1) D:6         Ossuary (visited)
   Lair: D:8-11         Orc: D:9-12

Altars:
Cheibriados
Fedhas
Gozag
Hepliaklqana
Kikubaaqudgha
Nemelex Xobeh
Okawaru
Ru
Sif Muna
Trog
Uskayaw
Wu Jian
Xom
Zin

Shops:
D:5 ![

Annotations:
D:8 Grum


Message History

Aim: a hornet (78% to hit)
The blast of sand hits the hornet.
The hornet is lightly wounded.
The hornet stings you.
You are poisoned.
You feel yourself slow down.
Unknown command.
Aiming: Sandblast (safe; 1% risk of failure)
Press: ? - help, Q - select action, (/) - cycle Shift-Dir - straight line, f/p - hornet
Aim: a hornet (lightly wounded, 78% to hit)
The blast of sand hits the hornet!
The hornet is moderately wounded.
You feel yourself speed up.
You feel very sick. The hornet stings you.
You feel yourself slow down. The hornet stings you!
You feel as though you will be slow longer.
The hornet stings you!
You are lethally poisoned!
You feel as though you will be slow longer.
You feel much better.
You feel very sick.
The hornet stings you but does no damage.
The hornet stings you!
You suddenly lose the ability to move!
You can move again.
Casting: Sandblast (safe; 1% risk of failure)
Confirm with . or Enter, or press ? or * to list all spells.
Aiming: Stone Arrow (safe; 1% risk of failure)
Press: ? - help, Shift-Dir - straight line, f/p - hornet
Aim: a hornet (moderately wounded, 66% to hit)
The stone arrow hits the hornet!
The hornet is severely wounded.
You feel very sick.
The hornet stings you but does no damage.
The hornet stings you!
* * * LOW HITPOINT WARNING * * *
You feel as though you will be slow longer.
The hornet stings you!
You die...

.. #.# ## .. ... .. .##
##.###.## .##..# # #....
... ..#.##.###
..##.###.##...##...##
#.#.......#[#.#..>..+.....
#..y##.##...#.......#.....
#.#...#@#.#.#.....#.....
#...⌠[y.#...##...##.....
#.#...#.#.#.##...##.....
##.##...#......##.....
......#.#.#...........
#.###.##...#...........
... ......#.#...........
#.# #.###.##......##.....
... .. ......##...##.....


You could see a hornet.

Vanquished Creatures
  Maurice (D:9)
  Sigmund (D:3)
  3 yaks (D:9)
  A water moccasin (D:7)
  2 black bears
  2 ice beasts
  2 ogres
  A centaur (D:9)
  A phantom (D:5)
  2 kobold brigands
  3 scorpions
  8 wights
  A howler monkey (D:6)
  4 orc priests (D:9)
  2 hounds
  A human zombie (Ossuary)
  A jelly (D:9)
  A sleepcap (D:5)
  5 iguanas
  4 orc wizards
  A mummy (D:5)
  7 gnolls
  9 adders
  A shadow imp (D:5)
  A white imp (D:8)
  An adder zombie (Ossuary)
  3 worms
  3 dart slugs (D:4)
  11 orcs
  2 ball pythons
  5 bats
  8 endoplasms
  7 giant cockroaches
  A gnoll zombie (Ossuary)
  7 goblins
  8 hobgoblins
  2 jackals (D:3)
  12 kobolds
  2 quokkas
  5 frilled lizards
  2 goblin zombies
  An orc zombie (D:5)
  2 rats
147 creatures vanquished.

Notes
Turn   | Place    | Note
-------+----------+-------------------------------------------
     0 | D:1      | benadryl the Deep Elf Earth Elementalist began the quest
                  | for the Orb.
     0 | D:1      | Reached XP level 1. HP: 10/10 MP: 6/6
   200 | D:1      | Reached XP level 2. HP: 15/15 MP: 3/9
   953 | D:1      | Reached XP level 3. HP: 14/18 MP: 8/11
  1270 | D:2      | Reached skill level 5 in Spellcasting
  1282 | D:2      | Learned a level 2 spell: Passwall
  1407 | D:2      | Reached XP level 4. HP: 24/24 MP: 11/14
  1416 | D:2      | Reached skill level 1 in Fighting
  2112 | D:3      | Noticed Sigmund
  2125 | D:3      | Killed Sigmund
  2126 | D:3      | Reached XP level 5. HP: 13/32 MP: 11/15
  2126 | D:3      | Reached XP level 6. HP: 15/37 MP: 12/17
  3072 | D:4      | Found an ornate altar of the Wu Jian Council.
  3072 | D:4      | Found a glowing silver altar of Zin.
  3072 | D:4      | Found an opulent altar of Gozag.
  3356 | D:4      | Found a blossoming altar of Fedhas.
  3367 | D:4      | Reached skill level 5 in Earth Magic
  3367 | D:4      | Reached XP level 7. HP: 43/43 MP: 15/18
  3767 | D:5      | Entered Level 5 of the Dungeon
  3808 | D:5      | Found a sand-covered staircase.
  3866 | Ossuary  | Entered an ossuary
  4022 | D:5      | Found Sociv's Distillery.
  4259 | D:5      | Reached XP level 8. HP: 48/48 MP: 16/19
  4429 | D:5      | Found Rauplyatua's Antique Armour Shoppe.
  4882 | D:5      | Found a bloodstained altar of Trog.
  4964 | D:5      | Found a shimmering blue altar of Sif Muna.
  5311 | D:5      | Bought an embroidered robe for 81 gold pieces
  5496 | D:6      | Reached skill level 1 in Conjurations
  5532 | D:6      | Found a staircase to the Ecumenical Temple.
  5543 | Temple   | Entered the Ecumenical Temple
  5692 | D:6      | You fall into a shaft and drop 3 floors!
  5726 | D:9      | Learned a level 3 spell: Stone Arrow
  5777 | D:9      | Reached skill level 5 in Conjurations
  5784 | D:9      | Reached XP level 9. HP: 16/52 MP: 9/20
  6149 | D:9      | Noticed Maurice
  6156 | D:9      | Killed Maurice
  6206 | D:8      | Noticed Grum
  6764 | D:8      | Reached skill level 1 in Summonings
  6766 | D:8      | Reached skill level 1 in Air Magic
  6795 | D:8      | Found a shimmering altar of Xom.
  6886 | D:7      | Paralysed by a hornet for 1 turns
  6887 | D:7      | Slain by a hornet

Illustrated notes

Levels and vault maps discovered:
D:1:      spicycebolla_arrival_ecumenical, layout_basic,
          chequers_serial_rivers_large_b
D:2:      layout_loops_ring
D:3:      layout_basic, kennysheep_doodads, uniq_sigmund
D:4:      layout_basic, fedhas_altar_3, gammafunk_temple_overflow_forgotten,
          minmay_misc_feat_secret_circle
D:5:      layout_layer_cave, marbit_many_paths, led_sif_book, serial_shops,
          nicolae_shop_industrial_runoff, nicolae_ossuary_entry_giza,
          nicolae_inconvenience_store, minivault_5, minivault_4,
          amcnicky_mini_pool_small
D:6:      layout_loops_corners, mainiacjoe_overflow_chevrons,
          kennysheep_little_box, tso_metal_star, minmay_temple_entry_trees,
          nicolae_the_louvre
D:7:      layout_gridville, serial_shops, shop,
          nicolae_concentric_dashed_squares_wild, uniq_duvessa
D:8:      layout_rooms, xom_confusion_cloud, minmay_misc_feat_diagonals,
          lemuel_flame_loot_1, uniq_grum
D:9:      layout_roguey, lightli_temple_of_fire, mainiacjoe_overflow_24_doors,
          kennysheep_mini_moat, nicolae_shop_gadgets, uniq_maurice
Temple:   nicolae_temple_great_sept

Skill      XL: |  1  2  3  4  5  6  7  8  9 |
---------------+----------------------------+-----
Spellcasting   | 4 6 |  6.0
Fighting       | 3 4 |  4.0
Earth Magic    | 5 8 9 |  9.1
Conjurations   | 6 9 |  9.2
Summonings     | 3 |  3.1
Air Magic      | 1 |  1.9
Dodging        | |  2.4
Stealth        | |  2.4
Transmutations | |  1.1

Action                     |  1- 3 |  4- 6 |  7- 9 || total
---------------------------+-------+-------+-------++-------
  Melee: Unarmed           |     4 |       |       ||     4
         Whip              |       |     6 |     2 ||     8
   Cast: Sandblast         |    42 |    65 |   137 ||   244
         Stone Arrow       |       |       |     2 ||     2
    Use: Scroll            |     2 |     2 |     3 ||     7
         Potion            |       |       |     7 ||     7
 Armour: Robe              |     6 |     4 |    60 ||    70
  Dodge: Dodged            |    12 |    22 |   125 ||   159

Table legend: (Time is in decaauts)
 A = Elapsed time spent in this place.
 B = Non-inter-level travel time spent in this place.
 C = Inter-level travel time spent in this place.
 D = Time resting spent in this place.
 E = Time spent auto-exploring this place.
 F = Levels seen in this place.
 G = Mean time per level.
                   A        B        C        D        E       F      G
               +--------+--------+--------+--------+--------+-----+--------+
         Total |   7038 |   6700 |    338 |   1294 |   4212 |  11 |  639.8 |
       Dungeon |   6962 |   6683 |    279 |   1294 |   4212 |   9 |  773.6 |
        Temple |     60 |      1 |     59 |      0 |      0 |   1 |   60.0 |
       Ossuary |     14 |     14 |      0 |      0 |      0 |   1 |   14.0 |
               +--------+--------+--------+--------+--------+-----+--------+

Top non-repeatable levels by time:
     D:5: 1682 daAuts
     D:1: 1309 daAuts
     D:9: 1002 daAuts
     D:3: 909 daAuts
     D:2: 828 daAuts
     D:4: 805 daAuts
     D:6: 193 daAuts
     D:8: 144 daAuts
     D:7: 88 daAuts
  Temple: 60 daAuts
 Ossuary: 14 daAuts
